Map: Thunderbird LE

Players

Harstem - Winner!

  • Race: Protoss Protoss
  • Spawn Location: 11:00

Lambo

  • Race: Zerg Zerg
  • Spawn Location: 5:00

Event: 2019 WCS Summer

VOD

Have the link to the VOD?

Description

Time

  • Played on: July 13, 2019, 6:39 a.m.
  • Length: 12:07

All games in this series

Show
View Real Time Build Order
Export as new Build Order

Harstem Protoss - Winner!

Build Orders: 1 Gate Expand, Phoenix Opening, Chargelot Immortal 

Get SALT Encoding   

  12  0:00  Probe  
  13  0:12  Probe  
  14  0:20  Pylon  
  14  0:25  Probe  
  14  0:28  Assimilator  
  15  0:35  Probe  
  16  0:43  Probe  
  16  0:48  Gateway  
  17  0:53  Probe  
  18  1:05  Probe  
  19  1:17  Probe  
  20  1:24  Nexus  
  20  1:35  Cybernetics Core  
  20  1:37  Probe  
  21  1:41  Assimilator  
  21  1:49  Probe  
  21  1:51  Pylon  
  22  2:01  Probe  
  22  2:02  Adept  
  23  2:13  Probe  
  23  2:14  Stargate  
  26  2:22  Adept  
  26  2:24  Warp Gate  
  26  2:25  Probe  
  29  2:37  Probe x2  
  31  2:49  Probe  
  31  2:50  Probe  
  33  2:53  Phoenix  
  33  3:02  Probe x2  
  33  3:03  Gateway  
  37  3:13  Pylon  
  37  3:14  Probe  
  37  3:16  Probe  
  39  3:23  Probe  
  40  3:28  Probe  
  40  3:31  Probe  
  40  3:33  Forge  
  41  3:40  Probe x2  
  43  3:47  Nexus  
  44  3:52  Probe  
  44  3:53  Robotics Facility  
  46  3:55  Probe  
  46  3:58  Assimilator  
  46  4:04  Probe  
  46  4:06  Assimilator  
  46  4:07  Probe  
  48  4:13  Probe  
  48  4:14  Twilight Council  
  48  4:16  Probe  
  49  4:22  Probe  
  49  4:23  Pylon  
  49  4:24  Probe  
  50  4:27  Protoss Ground Weapons Level 1  
  52  4:31  Sentry  
  52  4:37  Observer  
  54  4:40  Pylon  
  54  4:41  Probe x2  
  54  4:43  Pylon  
  57  4:53  Probe x2  
  57  4:54  Charge, Immortal  
  57  4:57  Probe  
  64  5:05  Probe x3  
  64  5:06  Sentry x2  
  70  5:14  Probe  
  71  5:15  Probe  
  71  5:17  Probe  
  71  5:20  Templar Archives  
  74  5:22  Assimilator  
  74  5:24  Probe  
  74  5:26  Probe, Immortal, Assimilator  
  76  5:29  Probe  
  76  5:32  Probe  
  81  5:37  Pylon  
  83  5:49  Gateway  
  82  5:50  Sentry, Gateway, Zealot  
  82  5:51  Void Ray  
  82  5:55  Immortal  
  82  5:56  Photon Cannon  
  86  5:59  Probe  
  91  6:08  Shield Battery, Pylon  
  96  6:17  Stalker  
  96  6:18  Stalker  
  99  6:21  Photon Cannon  
  99  6:23  Photon Cannon  
  99  6:25  Pylon  
  99  6:30  Probe  
  99  6:31  Pylon  
  100  6:34  Probe  
  100  6:35  Immortal  
  100  6:36  Photon Cannon  
  105  6:42  Sentry, Zealot  
  105  6:43  Probe x2  
  105  6:46  Photon Cannon, Probe  
  112  6:51  Zealot x2  
  112  6:52  Shield Battery  
  116  6:55  Probe  
  116  6:56  Probe  
  118  7:03  Pylon  
  118  7:06  Gateway  
  118  7:07  Sentry  
  118  7:08  Stalker, Pylon  
  123  7:15  Zealot  
  124  7:18  Pylon  
  124  7:22  Protoss Ground Weapons Level 2  
  124  7:27  Templar Archives  
  124  7:28  Zealot  
  124  7:29  Gateway  
  126  7:31  Zealot  
  126  7:32  Gateway  
  126  7:35  Zealot x2  
  124  7:40  Probe  
  124  7:48  Probe  
  124  7:51  Sentry, Zealot  
  124  7:56  Zealot, Gateway  
  128  8:01  Gateway  
  128  8:02  Zealot x2, Pylon  
  130  8:15  Zealot  
  130  8:16  Zealot  
  130  8:18  Zealot  
  136  8:24  Probe  
  136  8:26  Pylon  
  137  8:27  Fleet Beacon  
  137  8:28  Pylon  
  137  8:29  Stargate  
  137  8:30  Observer  
  138  8:45  Nexus  
  138  8:47  Warp Prism  
  138  8:52  High Templar x5  
  150  8:57  Photon Cannon  
  150  8:58  Shield Battery  
  150  8:59  High Templar  
  150  9:00  High Templar x2  
  150  9:01  Photon Cannon x2  
  156  9:03  Pylon  
  156  9:04  Protoss Air Weapons Level 1  
  156  9:06  Observer, Pylon  
  156  9:09  Pylon x2  
  156  9:11  Assimilator  
  156  9:12  Pylon  
  156  9:15  Assimilator  
  156  9:16  Carrier  
  156  9:20  Carrier  
  167  9:41  Psionic Storm  
  167  9:43  Zealot x4  
  171  9:52  Zealot  
  171  9:53  Zealot x2  
  171  9:56  Photon Cannon  
  171  9:57  Photon Cannon  
  171  9:59  Mothership  
  175  10:01  Zealot x2  
  179  10:18  Carrier  
  193  10:29  Pylon  
  193  10:36  Warp Prism  
  195  10:50  Zealot x2  
  199  11:06  Warp Prism  
  173  11:34  High Templar x2  
  173  11:35  Zealot x4, High Templar x2  
  173  11:36  Zealot  
  191  11:40  Archon  
  189  11:48  Archon  
  193  12:03  Zealot x4  
Show
View Real Time Build Order
Export as new Build Order

Lambo Zerg 

Build Orders: Hatch First 

Get SALT Encoding   

  12  0:00  Drone  
  13  0:13  Overlord  
  13  0:16  Drone  
  14  0:32  Drone x2  
  16  0:47  Hatchery  
  15  0:50  Drone  
  15  0:54  Drone  
  17  0:58  Drone  
  18  1:08  Extractor  
  17  1:12  Spawning Pool  
  17  1:16  Drone  
  17  1:19  Drone  
  18  1:28  Drone  
  19  1:39  Drone  
  20  1:54  Overlord  
  20  1:59  Queen x2  
  20  2:00  Zergling x2  
  20  2:01  Zergling x2  
  26  2:11  Drone  
  26  2:14  Metabolic Boost  
  27  2:16  Drone  
  27  2:21  Drone  
  30  2:22  Drone  
  30  2:32  Drone  
  30  2:36  Hatchery  
  30  2:42  Drone  
  30  2:43  Drone  
  32  2:47  Overlord  
  32  2:51  Queen  
  32  2:56  Drone x2  
  36  3:07  Drone x2  
  36  3:08  Zergling x4  
  36  3:10  Drone x2  
  36  3:12  Overlord  
  42  3:15  Drone  
  43  3:20  Drone  
  44  3:27  Overlord  
  44  3:30  Queen  
  46  3:34  Drone x2  
  46  3:39  Drone x2  
  50  3:42  Overlord  
  50  3:47  Drone x2  
  52  3:48  Queen, Spore Crawler  
  52  3:52  Spore Crawler  
  52  3:56  Drone  
  52  3:57  Drone x2  
  52  4:01  Drone  
  52  4:02  Drone  
  57  4:06  Drone x3  
  59  4:13  Spore Crawler  
  59  4:15  Drone x4  
  62  4:19  Roach Warren  
  62  4:21  Drone  
  62  4:22  Drone  
  63  4:25  Drone x2  
  65  4:33  Drone  
  65  4:34  Lair  
  65  4:35  Extractor  
  65  4:36  Drone, Extractor  
  65  4:38  Overlord  
  65  4:39  Drone  
  65  4:44  Overlord  
  66  4:52  Overlord  
  66  4:55  Overlord  
  66  4:58  Extractor  
  65  5:01  Evolution Chamber  
  65  5:07  Drone x5  
  65  5:09  Overlord  
  65  5:12  Roach x9  
  87  5:15  Queen  
  89  5:21  Overlord  
  89  5:23  Overlord  
  89  5:28  Overlord  
  89  5:29  Extractor, Roach x3  
  89  5:34  Roach x2  
  98  5:39  Overlord x3  
  98  5:44  Overlord  
  98  5:46  Nydus Network  
  98  5:47  Overlord  
  97  5:51  Roach x2  
  97  5:54  Roach  
  103  5:58  Roach x2  
  103  6:01  Roach x2  
  111  6:06  Roach x2  
  115  6:12  Roach  
  115  6:13  Zergling x8, Roach  
  115  6:16  Overseer  
  123  6:22  Nydus Canal  
  123  6:23  Zergling x10  
  128  6:29  Roach x3  
  134  6:42  Roach x4  
  134  6:43  Ravager x3  
  145  6:58  Ravager  
  145  6:59  Roach x2  
  146  7:02  Nydus Canal, Overlord  
  146  7:07  Roach x5  
  154  7:11  Roach x2  
  154  7:12  Zergling x6  
  161  7:24  Roach x3  
  161  7:27  Overlord  
  167  7:30  Roach  
  167  7:33  Roach x3  
  167  7:35  Roach x2  
  155  7:43  Roach  
  155  7:44  Hydralisk Den  
  148  7:45  Drone x3  
  148  7:46  Drone  
  148  7:48  Drone  
  141  7:51  Drone x2  
  141  7:55  Extractor  
  141  7:57  Infestation Pit  
  139  8:06  Drone x7  
  135  8:12  Drone x3  
  135  8:13  Drone  
  135  8:14  Glial Reconstitution  
  135  8:18  Drone x2  
  132  8:22  Muscular Augments  
  132  8:26  Zerg Missile Weapons Level 1  
  131  8:33  Hydralisk  
  131  8:34  Hydralisk x3  
  129  8:37  Hatchery  
  129  8:40  Queen  
  138  8:46  Overlord  
  138  8:48  Hydralisk x3  
  144  8:56  Hydralisk x3  
  144  9:00  Extractor  
  149  9:05  Extractor  
  149  9:06  Drone x7  
  155  9:10  Hydralisk x2  
  159  9:18  Hive  
  159  9:24  Spire  
  158  9:32  Hydralisk x2  
  158  9:37  Grooved Spines  
  162  9:41  Hatchery  
  162  9:44  Hydralisk x2  
  165  9:46  Queen  
  167  9:53  Hydralisk x4  
  167  9:56  Queen  
  167  9:59  Hydralisk  
  179  10:03  Drone x4  
  182  10:21  Overlord  
  182  10:26  Overseer  
  182  10:28  Pneumatized Carapace  
  182  10:38  Greater Spire, Hydralisk x5, Overlord  
  192  10:45  Extractor  
  192  10:47  Extractor  
  192  10:48  Drone x2  
  192  10:49  Overlord  
  192  10:51  Hydralisk x4, Evolution Chamber  
  199  11:06  Hydralisk x2  
  185  11:26  Hydralisk x7  
  199  11:33  Overlord  
  199  11:39  Hatchery  
  198  11:42  Spore Crawler x2  
  188  11:49  Overlord  
Tags
 
Add a new tag
Caveats
  • Supply blocks, unpowered buildings, or Contaminate may cause inaccurate times.
  • Supply counts are checked every 10 seconds.